 Dungeon Crawl Stone Soup version 0.29.0-10-g45618ea6d2 (webtiles) character file.

Game seed: 4895997960235749778

33 Persephone the Shooter (level 3, 0/21 HPs)
             Began as a Tengu Hunter on Sept 2, 2022.
             Killed by nerve-wracking pain
             ... invoked by a shadow imp
             ... summoned by Natasha
              (2 damage)
             ... on level 2 of the Dungeon.
             The game lasted 00:01:38 (729 turns).

Persephone the Shooter (Tengu Hunter)                Turns: 729, Time: 00:01:39

Health: 0/21       AC:  6    Str: 11    XL:     3   Next: 29%
Magic:  4/4        EV: 12    Int:  9    God:
Gold:   74         SH:  0    Dex: 19    Spells: 2/2 levels left

rFire   . . .      SeeInvis .   a - +0 shortbow
rCold   . . .      Faith    .   (shield currently unavailable)
rNeg    + . .      Spirit   .   h - +3 leather armour {rN+}
rPois   .          Reflect  .   (helmet restricted)
rElec   .          Harm     .   (no cloak)
rCorr   .          Rampage  .   (no gloves)
Will    .....                   (boots unavailable)
Stlth   ++........              (no amulet)
HPRegen 0.07/turn               (no ring)
MPRegen 0.09/turn               (no ring)

@: slowed, very slow
A: beak, talons 3
a: no special abilities


You were on level 2 of the Dungeon.
You visited 1 branch of the dungeon, and saw 2 of its levels.

You collected 74 gold pieces.

Inventory:

Hand Weapons
 a - a +0 shortbow (weapon)
Armour
 c - a +0 leather armour
 h - a +3 leather armour of positive energy (worn)
Scrolls
 b - a scroll of immolation
 e - a scroll of magic mapping {unknown}
 g - a scroll of poison {unknown}
 k - 2 scrolls of torment {unknown}
Potions
 d - a potion of cancellation {unknown}
 f - a potion of lignification {unknown}
 i - a potion of haste {unknown}
 j - a potion of heal wounds {unknown}


   Skills:
 - Level 2.0 Fighting
 + Level 5.6 Ranged Weapons
 - Level 2.1 Dodging
 - Level 1.0 Stealth


You had 2 spell levels left.
You didn't know any spells.
Your spell library contained the following spells:

 Spells                   Type           Power      Damage    Failure   Level
 Malign Gateway           Summ/Tloc      0%         N/A       100%        7
 Summon Horrible Things   Summ           0%         N/A       100%        8


Dungeon Overview and Level Annotations

Branches:
Dungeon (2/15)

Altars:

Annotations:
D:2 Natasha


Innate Abilities, Weirdness & Mutations

You have a beak for a mouth.
You have claws for feet.


Message History

Natasha is heavily wounded.
Natasha stares at you and mumbles some strange words.
The magic dart hits you!
You shoot an arrow. The arrow barely misses Natasha.
Natasha mumbles some strange words.
You shoot an arrow. The arrow hits Natasha.
Natasha is severely wounded.
Natasha casts a spell at you.
You feel yourself slow down.
You shoot an arrow. The arrow hits the shadow imp.
The shadow imp is lightly wounded.
The shadow imp barely misses you. Natasha claws you.
The shadow imp barely misses you.
Natasha casts a spell.
You shoot an arrow. The arrow hits Natasha.
Natasha is severely wounded.
The shadow imp hits you.
Natasha mumbles some strange words.
Natasha shimmers violently.
Natasha casts a spell.
The white imp hits you but does no damage.
The shadow imp summons a swarm of flies.
The shadow imp completely misses you. Natasha barely misses you.
You are too injured to fight recklessly!
Fire: a) +0 shortbow
Press: ? - help, Shift-Dir - straight line, f/p - Natasha
Aim: Natasha (severely wounded, 58% to hit)
You shoot an arrow. The arrow closely misses Natasha.
The white imp hits you but does no damage.
The shadow imp barely misses you. Natasha claws you.
The white imp hits you but does no damage.
The shadow imp closely misses you. Natasha claws you.
* * * LOW HITPOINT WARNING * * *
Fire: a) +0 shortbow
Press: ? - help, Shift-Dir - straight line, f/p - Natasha
Aim: Natasha (severely wounded, 58% to hit)
You shoot an arrow. The arrow closely misses Natasha.
The white imp misses you. The shadow imp gestures at you.
Pain shoots through your body!
You die...

### ...
######.
#.####5......
#
#....@55.....
##.
###.##h###...
#... #....#.#
#.#..#..#.#.#
..#...#..#..
#.#.###.#.###
#....#....# #
#.#####
#<#.##


You could see Natasha, a white imp (summoned) and 2 shadow imps.

Vanquished Creatures
  2 dart slugs (D:1)
  3 ball pythons
  3 bats (D:1)
  2 endoplasms (D:1)
  4 giant cockroaches (D:1)
  3 goblins (D:1)
  A quokka (D:1)
  5 frilled lizards (D:1)
  2 kobolds (D:1)
  4 rats (D:1)
29 creatures vanquished.

Notes
Turn   | Place    | Note
-------+----------+-------------------------------------------
     0 | D:1      | Persephone the Tengu Hunter began the quest for the Orb.
     0 | D:1      | Reached XP level 1. HP: 12/12 MP: 2/2
    35 | D:1      | Found a faded altar of an unknown god.
   129 | D:1      | Reached XP level 2. HP: 17/17 MP: 3/3
   205 | D:1      | Reached skill level 5 in Ranged Weapons
   462 | D:1      | Reached XP level 3. HP: 21/21 MP: 4/4
   722 | D:2      | Noticed Natasha
   729 | D:2      | Killed from afar by a shadow imp

Illustrated notes

Levels and vault maps discovered:
D:1:      lemuel_arrival_room, layout_basic, shapermc_ecumenical_altar_pompeii
D:2:      layout_loops_corners, uniq_natasha

Skill      XL: |  1  2 |
---------------+-------+-----
Ranged Weapons | 5 |  5.6
Fighting       | |  2.0
Dodging        | |  2.1
Stealth        | |  1.0

Action                   || total
-------------------------++-------
 Fire: Shortbow          ||    70
Armor: Leather armour    ||    11
Dodge: Dodged            ||    16
